 Dungeon Crawl Stone Soup version 0.19-a0-1254-gb9c29c0 (webtiles) character file.

67 poirepourri the Skirmisher (level 4, 0/42 HPs)
             Began as a Minotaur Fighter on Aug 27, 2016.
             Slain by a gnoll
             ... wielding a +0 halberd
              (8 damage)
             ... on level 2 of the Dungeon.
             The game lasted 00:01:18 (1252 turns).

poirepourri the Skirmisher (Minotaur Fighter)       Turns: 1252, Time: 00:01:18

Health: 0/42       AC:  6    Str: 22    XL:     4   Next: 0%
Magic:  3/3        EV:  8    Int:  5    God:
Gold:   50         SH:  9    Dex:  9    Spells: 0 memorised, 3 levels left

rFire  + . .     SeeInvis .     a - +0 war axe
rCold  + . .     Gourm    .     b - +0 scale mail
rNeg   . . .     Faith    .     c - +0 shield
rPois  +         Spirit   .     (helmet restricted)
rElec  +         Dismiss  .     (no cloak)
rCorr  +         Reflect  .     (no gloves)
MR     .....     Harm     .     (no boots)
Stlth  ..........               (no amulet)
                                (no ring)
                                (no ring)

@: resistant
A: retaliatory headbutt, horns 2
a: no special abilities


You were on level 2 of the Dungeon.
You were not hungry.

You visited 1 branch of the dungeon, and saw 2 of its levels.

You collected 50 gold pieces.

Inventory:

Hand Weapons
 a - a +0 war axe (weapon)
Armour
 b - a +0 scale mail (worn)
 c - a +0 shield (worn)
Scrolls
 d - a scroll of remove curse {unknown}
 e - a scroll of fear {unknown}
 g - a scroll of identify {unknown}
Potions
 i - a potion of curing


   Skills:
 + Level 5.0 Fighting
 + Level 3.1 Axes
 - Level 3.6 Armour
 + Level 1.8 Dodging
 - Level 3.6 Shields


You had 3 spell levels left.
You didn't know any spells.

Dungeon Overview and Level Annotations

Branches:
Dungeon (2/15)

Altars:


Innate Abilities, Weirdness & Mutations

You reflexively headbutt those who attack you in melee.
You have a pair of horns on your head.


Message History

You headbutt the gnoll.
You kill the gnoll!
You have reached level 4!
You feel stronger.
You hit the gnoll. The gnoll hits you with a flail!
You block the gnoll's attack. The gnoll hits you with a flail.
The gnoll hits you with a halberd!
* * * LOW HITPOINT WARNING * * *
You see here a flail.
It was a potion of curing.
You feel better. You block the gnoll's attack.
The gnoll hits you with a halberd.
* * * LOW HITPOINT WARNING * * *
It was a potion of resistance.
You feel protected. The gnoll completely misses you.
You block the gnoll's attack.
You hit the gnoll but do no damage.
The gnoll is severely wounded.
You slash the gnoll! You block the gnoll's attack.
The gnoll hits you with a halberd!
You die...

...... ...... ##
......# [ .......
....... .......#####
##+## #.....g...#
#≈≈≈#
#....g@...######
+≈§≈+
#..............#
#≈≈≈#
#..............# #'##
.....#.###......#
#...
.....#.###......#
#... ....
........########...
###
............††......
#....................
.................##


You could see 2 gnolls.

Vanquished Creatures
  Robin (D:2)
  A gnoll (D:2)
  An adder (D:2)
  An ooze (D:1)
  A dart slug (D:1)
  A giant gecko (D:1)
  2 bats
  A giant cockroach (D:1)
  9 goblins
  4 hobgoblins
  A giant newt (D:1)
  4 kobolds (D:1)
  3 rats (D:1)
30 creatures vanquished.

Notes
Turn   | Place    | Note
-------+----------+-------------------------------------------
     0 | D:1      | poirepourri the Minotaur Fighter began the quest for the Orb.
     0 | D:1      | Reached XP level 1. HP: 19/19 MP: 0/0
    73 | D:1      | Reached skill level 4 in Fighting
    87 | D:1      | Reached XP level 2. HP: 25/27 MP: 1/1
   933 | D:2      | Noticed Robin
   940 | D:2      | Reached XP level 3. HP: 10/34 MP: 2/2
   941 | D:2      | Reached skill level 1 in Dodging
   946 | D:2      | Killed Robin
  1220 | D:2      | Reached skill level 5 in Fighting
  1248 | D:2      | Reached XP level 4. HP: 31/42 MP: 3/3
  1252 | D:2      | Slain by a gnoll

Vault maps used:
D:1:      sevenhm_arrival_forest_fort_large_2
D:2:      kennysheep_six_static_rooms, gammafunk_temple_overflow_forgotten,
          minmay_liquid_box, grunt_decor_fettered, uniq_robin

Skill      XL: |  1  2  3 |
---------------+----------+-----
Fighting       | 4 5 |  5.0
Dodging        | 1 |  1.8
Axes           | 3 |  3.1
Armour         | |  3.6
Shields        | |  3.6

Action                   |  1- 3 |  4- 6 || total
-------------------------+-------+-------++-------
Melee: War axe           |    60 |     1 ||    61
       Headbutt          |     5 |       ||     5
  Use: Potion            |     1 |     2 ||     3
  Eat: Bread ration      |     1 |       ||     1
Armor: Scale mail        |    39 |       ||    39
Dodge: Dodged            |    22 |     1 ||    23
Block: Shield            |    49 |     4 ||    53
